 Dungeon Crawl Stone Soup version 0.29.0-4-gdea44cf6ec (webtiles) character file.

Game seed: 17176644413125035063

38655 qw the Severer (level 13, -1/125 HPs)
             Began as a Minotaur Berserker on Sept 5, 2022.
             Was an Elder of Trog.
             Slain by a cane toad (5 damage)
             ... on level 5 of the Lair of Beasts.
             The game lasted 00:05:12 (17926 turns).

qw the Severer (Minotaur Berserker)                Turns: 17926, Time: 00:05:13

Health: -1/125     AC: 19    Str: 26    XL:     13   Next: 65%
Magic:  12/12      EV:  9    Int:  4    God:    Trog [****..]
Gold:   416        SH:  6    Dex: 11    Spells: 12/12 levels left

rFire   . . .      SeeInvis +   Y - +1 broad axe (flame)
rCold   . . .      Faith    .   n - +0 buckler
rNeg    . . .      Spirit   .   o - +0 plate armour
rPois   +          Reflect  .   b - +1 hat
rElec   .          Harm     .   (no cloak)
rCorr   .          Rampage  .   (no gloves)
Will    .....                   p - +1 pair of boots
Stlth   ..........              (no amulet)
HPRegen 0.30/turn               s - ring of see invisible
MPRegen 0.13/turn               e - ring of poison resistance

@: on berserk cooldown, slowed, very slow
A: horns 2, retaliatory headbutt
a: Renounce Religion, Berserk, Trog's Hand, Brothers in Arms


You were on level 5 of the Lair of Beasts.
You worshipped Trog.
Trog was greatly pleased with you.
You visited 2 branches of the dungeon, and saw 14 of its levels.

You collected 778 gold pieces.
You spent 362 gold pieces at shops.


Innate Abilities, Weirdness & Mutations

You have a pair of horns on your head.
You reflexively headbutt those who attack you in melee.


   Skills:
 + Level 14.7 Fighting
 - Level 18.0 Axes
 - Level 4.1 Throwing
 - Level 12.0 Armour
 - Level 6.3 Dodging
 - Level 9.0 Shields


You had 12 spell levels left.
You didn't know any spells.
Your spell library was empty.

Inventory:

Hand Weapons
 Y - a +1 broad axe of flaming (weapon)
Armour
 b - a +1 hat (worn)
 n - a +0 buckler (worn)
 o - a +0 plate armour (worn)
 p - a +1 pair of boots (worn)
Jewellery
 a - a ring of protection from fire
 e - a ring of poison resistance (right hand)
 j - a ring of willpower
 k - a ring of ice
 m - a ring of ice
 s - a ring of see invisible (left hand)
 t - a ring of resist corrosion
Scrolls
 d - 11 scrolls of identify
Potions
 f - 3 potions of might
 g - 6 potions of curing
 i - 2 potions of haste
 l - 5 potions of mutation

Dungeon Overview and Level Annotations

Branches:
Dungeon (9/15)             Temple (0/1) D:4            Lair (5/5) D:9
  Swamp (0/4) Lair:3        Snake (0/4) Lair:2        Slime (0/5) Lair:4
    Orc: D:9-12

Altars:
Elyvilon
Kikubaaqudgha
Nemelex Xobeh
Okawaru
Sif Muna
Trog
Xom
Zin
Jiyva

Shops:
D:1 [   D:7 (   D:8 (*?

Annotations:
D:7 2 transporters, qw's ghost, novice TrCA


Message History

Trog accepts your kill.
You start resting.
You hear an angry buzzing noise. x2
A vampire mosquito comes into view.
Your two-headed ogre barely misses the vampire mosquito.
Your two-headed ogre misses the vampire mosquito.
You block the vampire mosquito's attack.
You hit the vampire mosquito. You burn the vampire mosquito.
Your headbutt misses the vampire mosquito.
The vampire mosquito is lightly damaged.
The vampire mosquito barely misses you.
Your two-headed ogre barely misses the vampire mosquito.
Your two-headed ogre closely misses the vampire mosquito.
The vampire mosquito barely misses you.
Your two-headed ogre hits the vampire mosquito with a +0 giant club!!!
The vampire mosquito is destroyed!
Trog accepts your kill.
You start resting.
Your two-headed ogre rages. x3
You hear a loud, deep croak!
Your two-headed ogre rages.
A blink frog is nearby!
You see here a yak corpse.
Your two-headed ogre is no longer berserk.
The blink frog barely misses your two-headed ogre.
Your two-headed ogre hits the blink frog with a +0 giant club!!
The blink frog dies!
Trog accepts your kill.
Your two-headed ogre disappears in a puff of smoke!
You hit the cane toad. You burn the cane toad.
The cane toad is lightly wounded.
The cane toad stings you but does no damage.
The cane toad stings you!
You hit the cane toad but do no damage.
The cane toad is lightly wounded.
The cane toad stings you but does no damage.
You closely miss the cane toad.
The cane toad is lightly wounded.
The cane toad stings you.
You die...

~~~y~~~~# #........?% ~$$~w~~~#
~~~.. ##......... ~($)~~~##
##~~.~ #.......... ~)$:~~~~~
#~~~..##### #.........#
~~})~#~~~~#~~~~..#..###.......#.#
.~~~~#~~~~~~~.~......##......#.##
~.~~##~~~~~~~.~..................
~~~.# ~~~~~~....................
~~~~# ~~~~...@F......P........
~~~~~ ~~~~..~%%%#.............
~~~~~ ~~~..~.%.##....#........
~~~~~ ~~.~...#####.....##.....
~~~~~ ~~.~... #.......####....
~..~... ###.....# #.... ~.~.~..
#.#...## .... ~.~~#.# ##....##
.... ....~. ##...%.# ##


You could see a cane toad.

Vanquished Creatures
  A hydra (Lair:5)
  A catoblepas (Lair:2)
  2 boulder beetles
  2 two-headed ogres (D:9)
  5 death yaks (Lair:4)
  A goliath frog (Lair:5)
  A bog body (Lair:3)
  16 elephants
  7 black mambas
  A torpor snail (Lair:4)
  Maggie (D:6)
  8 cane toads
  5 rime drakes
  3 komodo dragons
  5 polar bears
  A hornet (D:9)
  Prince Ribbit (D:6)
  4 blink frogs
  36 yaks
  A vampire (D:9)
  2 basilisks
  A wyvern (Lair:3)
  2 unseen horror simulacra (D:9)
  A steam dragon (D:8)
  3 vampire mosquitoes (Lair:5)
  Menkaure (D:6)
  16 water moccasins
  3 ice beasts
  An orc warrior (D:9)
  7 black bears
  An ogre (D:6)
  29 wolves
  A centaur (D:9)
  A kobold brigand (D:4)
  15 bullfrogs
  A necrophage (D:5)
  A gnoll sergeant (D:5)
  5 scorpions
  10 wights
  5 killer bees (D:8)
  3 electric eels (Lair:1)
  3 howler monkeys
  3 hounds
  5 jellies
  2 orc priests
  A wyvern simulacrum (D:9)
  6 iguanas
  Ijyb (D:5)
  Natasha (D:3)
  3 orc wizards
  6 hell rats (Lair:5)
  A centaur simulacrum (D:9)
  6 adders
  7 gnolls
  A shadow imp (D:5)
  6 white imps
  3 worms
  3 dart slugs
  17 orcs
  7 ball pythons
  8 endoplasms
  4 giant cockroaches
  5 goblins
  7 hobgoblins
  6 jackals
  3 quokkas
  8 bats
  3 frilled lizards
  5 kobolds
  5 rats
347 creatures vanquished.

Vanquished Creatures (collateral kills)
  A cane toad (Lair:5)
  A tyrant leech (Lair:5)
  2 blink frogs (Lair:5)
  2 yaks (Lair:5)
  A vampire mosquito (Lair:5)
  A wolf (Lair:5)
  A hell rat (Lair:5)
9 creatures vanquished.

Vanquished Creatures (others)
  35 fungi
  131 plants
166 creatures vanquished.

Grand Total: 522 creatures vanquished

Notes
Turn   | Place    | Note
-------+----------+-------------------------------------------
     0 | D:1      | qw the Minotaur Berserker began the quest for the Orb.
     0 | D:1      | Reached XP level 1. HP: 19/19 MP: 0/0
     0 | D:1      | 0 ||| qw: Version: 0.1-a-104-g96f76f8
     0 | D:1      | 0 ||| qw: Game counter: 5883
     0 | D:1      | 0 ||| qw: Always use a shield: true
     0 | D:1      | 0 ||| qw: Do Orc after D:15 true
     0 | D:1      | 0 ||| qw: Do second Lair branch before Depths: true
     0 | D:1      | 0 ||| qw: Lair rune preference: random
     0 | D:1      | 0 ||| qw: Plans: Normal
     0 | D:1      | 0 ||| PLANNING D:1-11
   121 | D:1      | Reached skill level 4 in Axes
   170 | D:1      | 170 ||| Stepping ~*~*~tactically~*~*~ (hiding).
   177 | D:1      | 177 ||| INVOKING Berserk.
   181 | D:1      | Reached XP level 2. HP: 23/26 MP: 1/1
   185 | D:1      | HP: 9/39 [gnoll/+0 spear (4)]
   583 | D:1      | Reached skill level 5 in Axes
   732 | D:1      | Reached XP level 3. HP: 29/31 MP: 2/2
   747 | D:1      | Found Puwod's Armour Shop.
   762 | D:1      | 762 ||| BUYING +0 buckler (58 gold).
   762 | D:1      | Bought a +0 buckler for 58 gold pieces
   762 | D:1      | 762 ||| SHOPLISTING +0 chain mail (58 gold, have 52).
   762 | D:1      | 762 ||| SHOPLISTING +0 cloak (58 gold, have 52).
   762 | D:1      | 762 ||| SHOPLISTING +1 pair of gloves of strength (214
                  | gold, have 52).
   762 | D:1      | 762 ||| SHOPLISTING +2 robe of cold resistance (230 gold,
                  | have 52).
   762 | D:1      | 762 ||| SHOPLISTING +2 robe of positive energy (191 gold,
                  | have 52).
   993 | D:1      | 993 ||| UPGRADING to +0 leather armour.
  1003 | D:1      | 1003 ||| DROPPING +0 animal skin.
  1004 | D:1      | 1004 ||| DROPPING orb of guile.
  1005 | D:1      | 1005 ||| UPGRADING to +0 buckler.
  1010 | D:1      | 1010 ||| UPGRADING to ring of willpower.
  1011 | D:1      | 1011 ||| READING 2 scrolls labelled CUDDIU NIPIS.
  1012 | D:1      | 1012 ||| READING scroll of enchant weapon.
  1012 | D:1      | 1012 ||| ENCHANTING +1 hand axe.
  1013 | D:1      | 1013 ||| READING 5 scrolls labelled WONEMI NAFUB.
  1014 | D:1      | 1014 ||| READING scroll labelled MUCURGHORYHI.
  1018 | D:1      | 1018 ||| READING scroll labelled OVUNLO KELUAGIRR.
  1019 | D:1      | 1019 ||| READING scroll labelled NAID EKHLIBB.
  1020 | D:1      | 1020 ||| READING scroll labelled JIUKHU LEWESMIOV.
  1021 | D:1      | 1021 ||| READING 4 scrolls of identify.
  1021 | D:1      | 1021 ||| IDENTIFYING emerald potion
  1022 | D:1      | 1022 ||| READING 3 scrolls of identify.
  1022 | D:1      | 1022 ||| IDENTIFYING fuming purple potion
  1023 | D:1      | 1023 ||| READING 2 scrolls of identify.
  1023 | D:1      | 1023 ||| IDENTIFYING silvery potion
  1024 | D:1      | 1024 ||| DROPPING potion of flight.
  1126 | D:2      | 1126 ||| Stepping ~*~*~tactically~*~*~ (stealth).
  1127 | D:2      | 1127 ||| SWAPPING to +0 war axe.
  1129 | D:2      | Reached skill level 1 in Shields
  1131 | D:2      | 1131 ||| DROPPING +2 hand axe.
  1159 | D:2      | 1159 ||| INVOKING Berserk.
  1494 | D:2      | Reached ** piety under Trog
  1505 | D:2      | Found a white marble altar of Elyvilon.
  1708 | D:2      | Found a faded altar of an unknown god.
  1710 | D:2      | 1710 ||| UPGRADING to +0 chain mail.
  1720 | D:2      | 1720 ||| UPGRADING to +1 hat.
  1725 | D:2      | 1725 ||| DROPPING +0 leather armour.
  1726 | D:2      | 1726 ||| UPGRADING to ring of poison resistance.
  1727 | D:2      | 1727 ||| READING scroll labelled NUEGRAMMUO.
  1728 | D:2      | 1728 ||| READING 2 scrolls of identify.
  1728 | D:2      | 1728 ||| IDENTIFYING pink potion
  1729 | D:2      | 1729 ||| DROPPING potion of degeneration.
  1774 | D:3      | 1774 ||| Stepping ~*~*~tactically~*~*~ (hiding).
  1855 | D:3      | Reached XP level 4. HP: 39/39 MP: 3/3
  1863 | D:3      | 1863 ||| Stepping ~*~*~tactically~*~*~ (stealth).
  1903 | D:3      | 1903 ||| Stepping ~*~*~tactically~*~*~ (stealth).
  1904 | D:3      | 1904 ||| Stepping ~*~*~tactically~*~*~ (stealth).
  1915 | D:3      | Reached skill level 1 in Throwing
  1987 | D:3      | 1987 ||| Stepping ~*~*~tactically~*~*~ (hiding).
  1991 | D:3      | 1991 ||| Stepping ~*~*~tactically~*~*~ (hiding).
  2528 | D:3      | Noticed Natasha
  2529 | D:3      | 2529 ||| Stepping ~*~*~tactically~*~*~ (hiding).
  2531 | D:3      | 2531 ||| INVOKING Berserk.
  2535 | D:3      | Killed Natasha
  2536 | D:3      | Reached skill level 6 in Axes
  2540 | D:3      | 2540 ||| Stepping ~*~*~tactically~*~*~ (stealth).
  2706 | D:3      | Reached XP level 5. HP: 39/45 MP: 4/4
  2770 | D:3      | 2770 ||| READING scroll labelled YKAR UBUMUNT.
  2771 | D:3      | 2771 ||| DRINKING 2 cyan potions.
  2816 | D:4      | Reached skill level 7 in Axes
  3037 | D:4      | Found a staircase to the Ecumenical Temple.
  3260 | D:4      | Reached *** piety under Trog
  3270 | D:4      | 3270 ||| Stepping ~*~*~tactically~*~*~ (stealth).
  3360 | D:4      | 3360 ||| Stepping ~*~*~tactically~*~*~ (stealth).
  3369 | D:4      | Reached XP level 6. HP: 43/53 MP: 5/5
  3626 | D:4      | Reached skill level 8 in Axes
  3796 | D:4      | 3796 ||| UPGRADING to ring of protection from fire.
  3798 | D:4      | 3798 ||| READING scroll labelled WOSIFENURA.
  3887 | D:5      | Entered Level 5 of the Dungeon
  3993 | D:5      | Noticed an ice beast
  3996 | D:5      | 3996 ||| INVOKING Berserk.
  4000 | D:5      | Killed an ice beast
  4001 | D:5      | Reached XP level 7. HP: 60/60 MP: 6/6
  4037 | D:5      | 4037 ||| FLEEEEING.
  4043 | D:5      | 4043 ||| Stepping ~*~*~tactically~*~*~ (hiding).
  4059 | D:5      | Reached skill level 9 in Axes
  4061 | D:5      | 4061 ||| Stepping ~*~*~tactically~*~*~ (stealth).
  4094 | D:5      | 4094 ||| DROPPING +0 mace.
  4138 | D:5      | 4138 ||| Stepping ~*~*~tactically~*~*~ (hiding).
  4150 | D:5      | 4150 ||| Stepping ~*~*~tactically~*~*~ (stealth).
  4152 | D:5      | 4152 ||| Stepping ~*~*~tactically~*~*~ (hiding).
  4168 | D:5      | Reached skill level 3 in Shields
  4306 | D:5      | 4306 ||| DROPPING +2 whip of freezing.
  4320 | D:5      | 4320 ||| Stepping ~*~*~tactically~*~*~ (hiding).
  4400 | D:5      | Found a shimmering blue altar of Sif Muna.
  4402 | D:5      | Found a glowing silver altar of Zin.
  4433 | D:5      | Noticed Ijyb
  4437 | D:5      | 4437 ||| INVOKING Berserk.
  4440 | D:5      | Reached skill level 3 in Armour
  4467 | D:5      | 4467 ||| INVOKING Berserk.
  4468 | D:5      | Killed Ijyb
  4640 | D:5      | Found an iron altar of Okawaru.
  4758 | D:5      | 4758 ||| INVOKING Berserk.
  4760 | D:5      | Reached skill level 10 in Axes
  4884 | D:5      | 4884 ||| INVOKING Berserk.
  4887 | D:5      | Reached XP level 8. HP: 70/70 MP: 7/7
  5016 | D:5      | Reached skill level 6 in Fighting
  5031 | D:5      | 5031 ||| DROPPING +3 mace.
  5243 | D:5      | 5243 ||| READING scroll labelled KOTHOI VYRPHIOPT.
  5244 | D:5      | 5244 ||| DRINKING 2 green potions.
  5270 | D:5      | 5270 ||| DROPPING potion of lignification.
  5283 | D:6      | Noticed Prince Ribbit
  5289 | D:6      | 5289 ||| INVOKING Berserk.
  5298 | D:6      | Killed Prince Ribbit
  5404 | D:6      | 5404 ||| Stepping ~*~*~tactically~*~*~ (hiding).
  5407 | D:6      | 5407 ||| Stepping ~*~*~tactically~*~*~ (hiding).
  5408 | D:6      | 5408 ||| Stepping ~*~*~tactically~*~*~ (hiding).
  5413 | D:6      | 5413 ||| FLEEEEING.
  5414 | D:6      | 5414 ||| FLEEEEING.
  5415 | D:6      | 5415 ||| FLEEEEING.
  5417 | D:6      | 5417 ||| FLEEEEING.
  5418 | D:6      | 5418 ||| STAIRDANCE
  5488 | D:6      | Reached skill level 11 in Axes
  5491 | D:6      | 5491 ||| Stepping ~*~*~tactically~*~*~ (stealth).
  5515 | D:6      | 5515 ||| Stepping ~*~*~tactically~*~*~ (hiding).
  5523 | D:6      | 5523 ||| INVOKING Berserk.
  5615 | D:6      | 5615 ||| INVOKING Berserk.
  5727 | D:6      | 5727 ||| Stepping ~*~*~tactically~*~*~ (stealth).
  5760 | D:6      | Noticed Menkaure
  5761 | D:6      | 5761 ||| Stepping ~*~*~tactically~*~*~ (hiding).
  5764 | D:6      | 5764 ||| INVOKING Berserk.
  5767 | D:6      | Killed Menkaure
  5768 | D:6      | Reached skill level 12 in Axes
  5930 | D:6      | Noticed Maggie
  5931 | D:6      | 5931 ||| Stepping ~*~*~tactically~*~*~ (hiding).
  5947 | D:6      | Killed Maggie
  5948 | D:6      | Reached XP level 9. HP: 35/75 MP: 8/8
  6139 | D:6      | 6139 ||| SWAPPING to +0 broad axe.
  6140 | D:6      | 6140 ||| DROPPING +0 war axe.
  6441 | D:6      | 6441 ||| READING scroll labelled MOAGGI BOGRI.
  6442 | D:6      | 6442 ||| DRINKING 2 golden potions.
  6443 | D:6      | 6443 ||| DROPPING potion of attraction.
  6450 | D:5      | 6450 ||| READING 2 scrolls of teleportation.
  6556 | D:7      | 6556 ||| INVOKING Berserk.
  6692 | D:7      | 6692 ||| Stepping ~*~*~tactically~*~*~ (stealth).
  6720 | D:7      | Found a shimmering altar of Xom.
  6721 | D:7      | Found a shimmering altar of Xom.
  6774 | D:7      | Found a transporter.
  6778 | D:7      | Found a bloodstained altar of Trog.
  6788 | D:7      | Noticed qw's ghost (novice TrCA)
  6798 | D:7      | Noticed a moth of wrath
  6802 | D:7      | Found a transporter.
  6816 | D:7      | 6816 ||| Stepping ~*~*~tactically~*~*~ (stealth).
  6821 | D:7      | 6821 ||| Stepping ~*~*~tactically~*~*~ (hiding).
  6829 | D:7      | 6829 ||| Stepping ~*~*~tactically~*~*~ (stealth).
  6831 | D:7      | 6831 ||| Stepping ~*~*~tactically~*~*~ (stealth).
  6832 | D:7      | 6832 ||| Stepping ~*~*~tactically~*~*~ (stealth).
  6837 | D:7      | 6837 ||| INVOKING Berserk.
  7027 | D:7      | Found Ojapy's Weapon Emporium.
  7059 | D:7      | 7059 ||| INVOKING Berserk.
  7214 | D:7      | 7214 ||| UPGRADING to +0 pair of boots.
  7415 | D:7      | 7415 ||| UPGRADING to ring of see invisible.
  7417 | D:7      | 7417 ||| READING 5 scrolls of identify.
  7417 | D:7      | 7417 ||| IDENTIFYING grey potion
  7418 | D:7      | 7418 ||| READING 4 scrolls of identify.
  7418 | D:7      | 7418 ||| IDENTIFYING fuming white potion
  7419 | D:7      | 7419 ||| DROPPING potion of magic.
  7445 | D:8      | Found Jeheule's Antique Weapon Shop.
  7516 | D:8      | Found Kaecw's General Store.
  7524 | D:8      | 7524 ||| BUYING potion of mutation (104 gold).
  7524 | D:8      | Bought a potion of mutation for 104 gold pieces
  7524 | D:8      | 7524 ||| BUYING scroll of identify (26 gold).
  7524 | D:8      | Bought a scroll of identify for 26 gold pieces
  7539 | D:8      | 7539 ||| Stepping ~*~*~tactically~*~*~ (stealth).
  7549 | D:8      | 7549 ||| INVOKING Berserk.
  7776 | D:8      | Reached skill level 13 in Axes
  7800 | D:8      | Found an ancient bone altar of Kikubaaqudgha.
  7878 | D:8      | 7878 ||| INVOKING Berserk.
  8012 | D:8      | 8012 ||| Stepping ~*~*~tactically~*~*~ (stealth).
  8070 | D:8      | Found Beneut's Magic Scroll Shop.
  8073 | D:8      | 8073 ||| BUYING scroll of brand weapon (114 gold).
  8073 | D:8      | Bought a scroll of brand weapon for 114 gold pieces
  8073 | D:8      | 8073 ||| BUYING scroll of identify (24 gold).
  8073 | D:8      | Bought a scroll of identify for 24 gold pieces
  8073 | D:8      | 8073 ||| BUYING scroll of teleportation (36 gold).
  8073 | D:8      | Bought a scroll of teleportation for 36 gold pieces
  8073 | D:8      | 8073 ||| READING 2 scrolls of brand weapon.
  8073 | D:8      | 8073 ||| BRANDING +0 broad axe.
  8074 | D:8      | 8074 ||| READING scroll of brand weapon.
  8074 | D:8      | 8074 ||| BRANDING +0 broad axe of venom.
  8152 | D:8      | 8152 ||| Stepping ~*~*~tactically~*~*~ (hiding).
  8156 | D:8      | 8156 ||| INVOKING Berserk.
  8260 | D:8      | 8260 ||| INVOKING Berserk.
  8464 | D:8      | 8464 ||| INVOKING Berserk.
  8665 | D:9      | Reached skill level 3 in Throwing
  8668 | D:9      | 8668 ||| Stepping ~*~*~tactically~*~*~ (stealth).
  8681 | D:9      | 8681 ||| DROPPING +0 flail.
  8688 | D:9      | 8688 ||| Stepping ~*~*~tactically~*~*~ (hiding).
  8828 | D:9      | Noticed a polar bear
  8829 | D:9      | Noticed a polar bear
  8830 | D:9      | 8830 ||| Stepping ~*~*~tactically~*~*~ (stealth).
  8836 | D:9      | 8836 ||| INVOKING Berserk.
  8840 | D:9      | Reached XP level 10. HP: 69/88 MP: 9/9
  8847 | D:9      | Reached skill level 14 in Axes
  8868 | D:9      | 8868 ||| Stepping ~*~*~tactically~*~*~ (stealth).
  8869 | D:9      | 8869 ||| Stepping ~*~*~tactically~*~*~ (stealth).
  9176 | D:9      | Identified the +0 ring mail of Integrity {Int+2}
  9212 | D:9      | 9212 ||| Stepping ~*~*~tactically~*~*~ (hiding).
  9218 | D:9      | Reached skill level 3 in Dodging
  9299 | D:9      | 9299 ||| Stepping ~*~*~tactically~*~*~ (hiding).
  9335 | D:9      | 9335 ||| Stepping ~*~*~tactically~*~*~ (stealth).
  9360 | D:9      | 9360 ||| Stepping ~*~*~tactically~*~*~ (stealth).
  9361 | D:9      | 9361 ||| Stepping ~*~*~tactically~*~*~ (stealth).
  9362 | D:9      | 9362 ||| Stepping ~*~*~tactically~*~*~ (stealth).
  9466 | D:9      | Found a staircase to the Lair.
  9475 | D:9      | 9475 ||| INVOKING Berserk.
  9626 | D:9      | Noticed a two-headed ogre
  9630 | D:9      | 9630 ||| INVOKING Berserk.
  9634 | D:9      | Killed a two-headed ogre
  9635 | D:9      | Reached skill level 15 in Axes
  9784 | D:9      | Noticed a two-headed ogre
  9788 | D:9      | 9788 ||| INVOKING Berserk.
  9790 | D:9      | Killed a two-headed ogre
  9791 | D:9      | Reached skill level 9 in Fighting
  9931 | D:9      | 9931 ||| Stepping ~*~*~tactically~*~*~ (hiding).
 10039 | D:9      | 10039 ||| INVOKING Berserk.
 10045 | D:9      | Reached skill level 6 in Armour
 10232 | D:9      | 10232 ||| Stepping ~*~*~tactically~*~*~ (hiding).
 10234 | D:9      | 10234 ||| Stepping ~*~*~tactically~*~*~ (hiding).
 10235 | D:9      | 10235 ||| Stepping ~*~*~tactically~*~*~ (hiding).
 10236 | D:9      | 10236 ||| Stepping ~*~*~tactically~*~*~ (hiding).
 10522 | D:9      | Found a sparkling altar of Nemelex Xobeh.
 10549 | D:9      | 10549 ||| Stepping ~*~*~tactically~*~*~ (hiding).
 10650 | D:9      | 10650 ||| PLANNING LAIR
 10650 | D:9      | 10650 ||| UPGRADING to +0 plate armour.
 10660 | D:9      | 10660 ||| DROPPING +0 chain mail.
 10661 | D:9      | 10661 ||| DROPPING +0 ring mail of Integrity {Int+2}.
 10689 | Lair:1   | Entered Level 1 of the Lair of Beasts
 10861 | Lair:1   | 10861 ||| INVOKING Berserk.
 10891 | Lair:1   | HP: 22/91 [electric eel/bolt of electricity (2)]
 10892 | Lair:1   | 10892 ||| READING 5 scrolls of teleportation.
 11192 | Lair:1   | 11192 ||| Stepping ~*~*~tactically~*~*~ (stealth).
 11206 | Lair:1   | Reached XP level 11. HP: 64/97 MP: 10/10
 11463 | Lair:1   | 11463 ||| INVOKING Berserk.
 11505 | Lair:1   | 11505 ||| INVOKING Berserk.
 11507 | Lair:1   | Reached skill level 16 in Axes
 11596 | Lair:1   | 11596 ||| READING scroll of brand weapon.
 11596 | Lair:1   | 11596 ||| BRANDING +0 broad axe of chaos.
 11597 | Lair:1   | 11597 ||| DROPPING +0 morningstar.
 11627 | Lair:1   | 11627 ||| INVOKING Berserk.
 12167 | Lair:1   | 12167 ||| READING scroll labelled ZOXKIPL SUJEXKONG.
 12307 | Lair:2   | Reached skill level 6 in Shields
 12349 | Lair:2   | Noticed a catoblepas
 12353 | Lair:2   | 12353 ||| Stepping ~*~*~tactically~*~*~ (cloud).
 12358 | Lair:2   | 12358 ||| Stepping ~*~*~tactically~*~*~ (cloud).
 12360 | Lair:2   | 12360 ||| INVOKING Berserk.
 12363 | Lair:2   | Killed a catoblepas
 12486 | Lair:2   | 12486 ||| INVOKING Berserk.
 12706 | Lair:2   | 12706 ||| Stepping ~*~*~tactically~*~*~ (stealth).
 12717 | Lair:2   | 12717 ||| INVOKING Berserk.
 12851 | Lair:2   | Found a staircase to the Snake Pit.
 12859 | Lair:2   | 12859 ||| INVOKING Berserk.
 13054 | Lair:2   | Reached skill level 17 in Axes
 13131 | Lair:2   | You fall into a shaft and drop 1 floor!
 13138 | Lair:3   | 13138 ||| INVOKING Berserk.
 13335 | Lair:3   | 13335 ||| READING scroll labelled MICALE JIFU.
 13336 | Lair:3   | 13336 ||| READING 11 scrolls of identify.
 13336 | Lair:3   | 13336 ||| IDENTIFYING fizzy blue potion
 13364 | Lair:2   | 13364 ||| Stepping ~*~*~tactically~*~*~ (stealth).
 13497 | Lair:2   | 13497 ||| INVOKING Berserk.
 13520 | Lair:2   | Reached **** piety under Trog
 13526 | Lair:2   | Reached skill level 18 in Axes
 13725 | Lair:2   | 13725 ||| INVOKING Berserk.
 13732 | Lair:2   | Reached XP level 12. HP: 106/106 MP: 11/11
 13879 | Lair:2   | Identified the +11 sling of Eguhi {freeze, rF+ Dex+2}
 14174 | Lair:2   | 14174 ||| UPGRADING to +1 pair of boots.
 14184 | Lair:2   | 14184 ||| DROPPING +0 pair of boots.
 14288 | Lair:3   | 14288 ||| Stepping ~*~*~tactically~*~*~ (stealth).
 14289 | Lair:3   | 14289 ||| Stepping ~*~*~tactically~*~*~ (stealth).
 14291 | Lair:3   | 14291 ||| Stepping ~*~*~tactically~*~*~ (stealth).
 14295 | Lair:3   | Reached skill level 9 in Armour
 14455 | Lair:3   | Found a staircase to the Swamp.
 14456 | Lair:3   | 14456 ||| Stepping ~*~*~tactically~*~*~ (hiding).
 14462 | Lair:3   | 14462 ||| Stepping ~*~*~tactically~*~*~ (stealth).
 14468 | Lair:3   | 14468 ||| Stepping ~*~*~tactically~*~*~ (stealth).
 14505 | Lair:3   | 14505 ||| READING scroll of enchant weapon.
 14505 | Lair:3   | 14505 ||| ENCHANTING +0 broad axe of flaming.
 14546 | Lair:3   | 14546 ||| INVOKING Berserk.
 14581 | Lair:3   | 14581 ||| Stepping ~*~*~tactically~*~*~ (stealth).
 14654 | Lair:3   | 14654 ||| INVOKING Berserk.
 14842 | Lair:3   | 14842 ||| INVOKING Berserk.
 15087 | Lair:3   | 15087 ||| Stepping ~*~*~tactically~*~*~ (stealth).
 15101 | Lair:3   | 15101 ||| Stepping ~*~*~tactically~*~*~ (stealth).
 15102 | Lair:3   | 15102 ||| Stepping ~*~*~tactically~*~*~ (stealth).
 15103 | Lair:3   | 15103 ||| Stepping ~*~*~tactically~*~*~ (stealth).
 15326 | Lair:3   | 15326 ||| Stepping ~*~*~tactically~*~*~ (hiding).
 15345 | Lair:3   | 15345 ||| INVOKING Berserk.
 15986 | Lair:4   | Noticed a boulder beetle
 15988 | Lair:4   | 15988 ||| INVOKING Berserk.
 16010 | Lair:4   | Killed a boulder beetle
 16011 | Lair:4   | Reached skill level 12 in Fighting
 16205 | Lair:4   | Found a viscous altar of Jiyva.
 16205 | Lair:4   | Found a staircase to the Slime Pits.
 16214 | Lair:4   | 16214 ||| Stepping ~*~*~tactically~*~*~ (stealth).
 16299 | Lair:4   | Noticed a death yak
 16300 | Lair:4   | Noticed a death yak
 16300 | Lair:4   | 16300 ||| Stepping ~*~*~tactically~*~*~ (stealth).
 16306 | Lair:4   | 16306 ||| Stepping ~*~*~tactically~*~*~ (stealth).
 16308 | Lair:4   | 16308 ||| Stepping ~*~*~tactically~*~*~ (stealth).
 16309 | Lair:4   | 16309 ||| INVOKING Berserk.
 16315 | Lair:4   | Killed a death yak
 16325 | Lair:4   | Killed a death yak
 16490 | Lair:4   | Noticed a death yak
 16495 | Lair:4   | 16495 ||| Stepping ~*~*~tactically~*~*~ (stealth).
 16497 | Lair:4   | 16497 ||| INVOKING Berserk.
 16505 | Lair:4   | Killed a death yak
 16507 | Lair:4   | Noticed a death yak
 16508 | Lair:4   | Noticed a death yak
 16510 | Lair:4   | Killed a death yak
 16517 | Lair:4   | Killed a death yak
 16521 | Lair:4   | Reached XP level 13. HP: 89/122 MP: 12/12
 16707 | Lair:4   | 16707 ||| Stepping ~*~*~tactically~*~*~ (stealth).
 16748 | Lair:4   | 16748 ||| Stepping ~*~*~tactically~*~*~ (stealth).
 16773 | Lair:4   | Reached skill level 9 in Shields
 17254 | Lair:5   | Entered Level 5 of the Lair of Beasts
 17255 | Lair:5   | 17255 ||| PLANNING GAUNTLET
 17359 | Lair:5   | 17359 ||| INVOKING Berserk.
 17378 | Lair:5   | Reached ***** piety under Trog
 17379 | Lair:5   | 17379 ||| INVOKING Brothers in Arms.
 17384 | Lair:5   | HP: 21/123 [torpor snail (10)]
 17385 | Lair:5   | Reached skill level 12 in Armour
 17385 | Lair:5   | 17385 ||| READING 5 scrolls of teleportation.
 17385 | Lair:5   | HP: 6/124 [torpor snail (9)]
 17386 | Lair:5   | 17386 ||| DRINKING 2 potions of heal wounds.
 17387 | Lair:5   | 17387 ||| DRINKING potion of heal wounds.
 17389 | Lair:5   | 17389 ||| READING 4 scrolls of teleportation.
 17390 | Lair:5   | HP: 1/121 [bullfrog (4)]
 17687 | Lair:5   | 17687 ||| INVOKING Berserk.
 17708 | Lair:5   | 17708 ||| RIP GAUNTLET
 17711 | Lair:5   | 17711 ||| PLANNING LAIR
 17827 | Lair:5   | 17827 ||| INVOKING Berserk.
 17862 | Lair:5   | Reached skill level 6 in Dodging
 17878 | Lair:5   | HP: 29/124 [acid (7)]
 17879 | Lair:5   | 17879 ||| READING 3 scrolls of teleportation.
 17885 | Lair:5   | 17885 ||| READING 2 scrolls of teleportation.
 17885 | Lair:5   | HP: 30/124 [vampire mosquito (1)]
 17886 | Lair:5   | 17886 ||| Stepping ~*~*~tactically~*~*~ (water).
 17887 | Lair:5   | 17887 ||| INVOKING Berserk.
 17892 | Lair:5   | 17892 ||| READING scroll of teleportation.
 17892 | Lair:5   | HP: 15/124 [blink frog (14)]
 17893 | Lair:5   | 17893 ||| Stepping ~*~*~tactically~*~*~ (stealth).
 17895 | Lair:5   | 17895 ||| INVOKING Brothers in Arms.
 17898 | Lair:5   | HP: 9/124 [vampire mosquito (4)]
 17903 | Lair:5   | HP: 5/125 [yak (1)]
 17924 | Lair:5   | HP: 3/125 [cane toad (11)]
 17926 | Lair:5   | Slain by a cane toad

Levels and vault maps discovered:
D:1:      giann_horns, layout_rooms, serial_shops, shop_coins, serial_rivers,
          chequers_serial_rivers_room_b, chequers_serial_rivers_micro_d,
          chequers_serial_rivers_micro_c, chequers_serial_rivers_large_b
D:2:      layout_basic, dreamdust_ecumenical_altar_hidden_monk_grotto,
          basic_altar
D:3:      minmay_diamond_boxcup, layout_basic, dk_vineyard_1,
          kennysheep_generic_room_15, uniq_natasha
D:4:      layout_loops_corners, temple_doors_cd,
          hangedman_abyss_or_decor_stagger
D:5:      layout_basic, nicolae_overflow_hidden_temple, grunt_ministairs_10,
          kennysheep_small_circle, uniq_ijyb
D:6:      layout_cave_pools, uniq_maggie, uniq_menkaure, uniq_prince_ribbit1
D:7:      layout_rooms, xom_redecorated, gammafunk_ghost_wrathful_warriors,
          serial_shops, nicolae_shop_bloodbath_and_beyond, serial_glass,
          glass_columns_b, glass_columns_b
D:8:      layout_gridville, nicolae_kikubaaqudgha_miasma_corner, serial_shops,
          nicolae_shop_hallway_stairs, shop, nicolae_stop_n_shop_2
D:9:      layout_loops_ring, nemelex_spade_bored_becter, david_lair_shrubbed,
          serial_ice, serial_ice_k, serial_ice_a, serial_ice_o, serial_ice_m,
          due_unseen_surprise
Lair:1:   layout_gridlike, disabler_island
Lair:2:   layout_cave_shapes, minmay_snake_entry_six_corridors, enter_volcano_4,
          serial_bayou_pond_c, infiniplex_staircase_pool_2, lemuel_fruit_tree
Lair:3:   layout_loops_ring, skrybe_swamp_entry_bodies, portal_ice_cave_rime,
          serial_rivers, chequers_serial_rivers_micro_c,
          chequers_serial_rivers_small_b, chequers_serial_rivers_small_a,
          chequers_serial_rivers_micro_a, uniq_rupert
Lair:4:   layout_loops_ring, slime_entry_1, nzn_sisyphean_effort
Lair:5:   minmay_lair_end_frog_pond, layout_cellular_growth,
          gauntlet_entry_generic, grunt_forest_small_clearings,
          kennysheep_rathole

Skill      XL: |  1  2  3  4  5  6  7  8  9 10 11 12 13 |
---------------+----------------------------------------+-----
Axes           | 4 5 6 7 8 10 12 13 15 18 | 18.0
Shields        | 1 2 3 4 5 6 8 9 |  9.0
Throwing       | 1 2 3 4 |  4.1
Fighting       | 4 5 6 8 9 10 13 14 | 14.7
Armour         | 3 5 7 8 10 12 | 12.0
Dodging        | 3 5 6 |  6.3

Action                   |  1- 3 |  4- 6 |  7- 9 | 10-12 | 13-15 || total
-------------------------+-------+-------+-------+-------+-------++-------
Melee: Hand axe          |    56 |       |       |       |       ||    56
       Headbutt          |    14 |    12 |    32 |    94 |    39 ||   191
       War axe           |    35 |    91 |   118 |       |       ||   244
       Punch             |     1 |       |       |       |       ||     1
       Broad axe         |       |       |    89 |   414 |   130 ||   633
Throw: Javelin           |     5 |    21 |    31 |    26 |       ||    83
Invok: Berserk           |     2 |     2 |    17 |    22 |     4 ||    47
       Brothers in Arms  |       |       |       |       |     2 ||     2
  Use: Scroll            |    12 |     2 |     7 |     6 |     5 ||    32
       Potion            |       |     1 |     2 |       |     2 ||     5
 Stab: Petrified         |       |       |       |    11 |       ||    11
       Petrifying        |       |       |       |     3 |       ||     3
       Distracted        |       |       |       |       |     1 ||     1
Armor: Animal skin       |    13 |       |       |       |       ||    13
       Leather armour    |     7 |       |       |       |       ||     7
       Chain mail        |     6 |    42 |   104 |    14 |       ||   166
       Plate armour      |       |       |       |   128 |    91 ||   219
Dodge: Dodged            |    47 |    27 |    80 |    95 |    63 ||   312
Block: Buckler           |     5 |    11 |    36 |    54 |    53 ||   159

Table legend:
 A = Non-vault XP
 B = Vault XP
 C = Vault XP percentage of total XP
 D = Non-vault monster count
 E = Vault monster count
 F = Vault count percentage of total count
                 A         B        C        D         E       F
            +---------+---------+-------+---------+---------+-------
      Total |   43762 |   11460 |  20.8 |     289 |      67 |  18.8
            +---------+---------+-------+---------+---------+-------
        D:1 |      42 |       0 |   0.0 |      18 |       0 |   0.0
        D:2 |      51 |       0 |   0.0 |      20 |       0 |   0.0
        D:3 |      34 |      70 |  67.3 |      17 |      13 |  43.3
        D:4 |     374 |       0 |   0.0 |      11 |       0 |   0.0
        D:5 |     780 |     381 |  32.8 |      21 |       7 |  25.0
        D:6 |     591 |     834 |  58.5 |      14 |       3 |  17.6
        D:7 |     485 |       0 |   0.0 |      12 |       0 |   0.0
        D:8 |    1281 |       0 |   0.0 |      16 |       0 |   0.0
        D:9 |    2934 |    2231 |  43.2 |      19 |      14 |  42.4
     Lair:1 |    2284 |     168 |   6.9 |      11 |       3 |  21.4
     Lair:2 |    6909 |    1941 |  21.9 |      24 |       9 |  27.3
     Lair:3 |    7151 |    1384 |  16.2 |      34 |       3 |   8.1
     Lair:4 |   11845 |     844 |   6.7 |      35 |       1 |   2.8
     Lair:5 |    9001 |    3607 |  28.6 |      37 |      14 |  27.5
            +---------+---------+-------+---------+---------+-------
